AoeStats
← распродаж

Black Forest

504451307Analyzed
4v4 RM · 27d ago on Sep 5, 2026· 58m 49s· 8 players
Game mode
Random Map
Map size
Large (8 player)
Population
200
Speed
Normal
Resources
Standard
Victory
Conquest
Starting age
Dark Age
Ending age
Imperial Age
RankedLock teamsTeams togetherTeam positionsShared explorationLock speedFull tech treeHidden civsTurbo modeCheats
Victory
Defeat
🇭🇰 Britons · Hong Kong SAR China
1531
+13
🇧🇷 Burmese · Brazil
1518
+13
🇯🇵 Tatars · Japan
1356
+20
🇨🇳 Bohemians · China
1341
+21
🇵🇪 Khmer · Peru
1479
-18
🇨🇳 Goths · China
1471
-18
🇪🇸 Persians · Spain
1443
-16
🇻🇳 Britons · Vietnam
1415
-15
Sergio
11:19 Feudal Age
14:53 Castle Age
13:00 Double-Bit Axe
14:27 Fishing Lines
16:36 Bow Saw
20:29 Gillnets
24:55 Wheelbarrow
25:24 Gold Mining
25:24 Stone Mining
27:00 Caravan
27:56 Horse Collar
31:06 Imperial Age
28:52 Hand Cart
28:23 Loom
29:25 Stone Shaft Mining
29:30 Gold Shaft Mining
30:28 Bloodlines
30:19 Husbandry
30:25 Scale Barding Armor
30:31 Forging
31:04 Elite War Elephant
32:11 Conscription
32:52 Scale Mail Armor
33:12 Chain Barding Armor
33:28 Iron Casting
33:43 Scale Mail Armor
33:31 Gambesons
33:32 Arson
33:47 Squires
34:50 Plate Barding Armor
37:55 Blast Furnace
39:27 Onager
41:29 Heavy Plow
41:54 Devotion
44:24 Fletching
44:24 Town Watch
44:40 Scale Mail Armor
45:49 Chemistry
45:10 Ballistics
45:20 Light Cavalry
46:18 Chain Mail Armor
47:24 Crop Rotation
47:33 Hussar
51:01 Plate Mail Armor
50:26 Bodkin Arrow
KLIKELIN
4:03 Loom
10:51 Feudal Age
11:00 Feudal Age
14:10 Castle Age
13:32 Horse Collar
13:39 Double-Bit Axe
15:32 Bow Saw
21:08 Wheelbarrow
23:40 Gold Mining
23:40 Stone Mining
25:13 Hand Cart
26:49 Gold Shaft Mining
26:50 Stone Shaft Mining
26:26 Heavy Plow
30:16 Imperial Age
28:30 Ballistics
28:22 Forging
28:18 Scale Barding Armor
30:45 Iron Casting
30:32 Chain Barding Armor
31:23 Conscription
31:04 Double Crossbow
30:30 Heavy Scorpion
31:37 Husbandry
31:48 Bloodlines
30:59 Light Cavalry
33:41 Blast Furnace
33:17 Plate Barding Armor
33:44 Chemistry
33:15 Siege Engineers
33:45 Onager
34:00 Hussar
39:41 Fletching
Sandwich
0:27 Loom
11:43 Feudal Age
12:14 Double-Bit Axe
12:10 Fishing Lines
12:18 Horse Collar
20:21 Castle Age
19:56 Gold Mining
21:29 Bow Saw
21:14 Gillnets
26:18 Imperial Age
24:06 Scale Mail Armor
24:31 Fletching
24:59 Anarchy
26:34 Chain Mail Armor
26:22 Caravan
28:14 Two-Man Saw
28:23 Forging
28:35 Conscription
28:54 Wheelbarrow
28:26 Bodkin Arrow
30:39 Iron Casting
29:29 Elite Huskarl
32:02 Iron Casting
32:10 Squires
34:16 Blast Furnace
35:27 Pikeman
36:35 Halberdier
51:11 Man-at-Arms
gianghodd01
10:40 Feudal Age
11:59 Double-Bit Axe
14:17 Wheelbarrow
17:57 Castle Age
16:17 Stone Mining
16:18 Gold Mining
16:40 Horse Collar
21:31 Loom
25:54 Bow Saw
26:54 Hand Cart
26:40 Town Watch
31:05 Imperial Age
29:03 Fortified Wall
29:05 Masonry
29:35 Town Patrol
29:39 Fletching
29:32 Treadmill Crane
29:20 Pikeman
30:20 Bodkin Arrow
30:52 Ballistics
30:35 Padded Archer Armor
30:46 Forging
31:22 Squires
31:24 Scale Mail Armor
31:23 Murder Holes
32:28 Leather Archer Armor
33:54 Coinage
33:15 Elite Skirmisher
35:09 Two-Man Saw
33:32 Halberdier
35:11 Gold Shaft Mining
36:17 Chain Mail Armor
36:48 Architecture
39:04 Conscription
39:17 Plate Mail Armor
40:16 Bracer
41:43 Iron Casting
41:41 Ring Archer Armor
42:13 Yeomen
43:25 Blast Furnace
42:36 Warwolf
44:10 Chemistry
распродаж
0:42 Loom
12:34 Feudal Age
16:56 Castle Age
15:13 Double-Bit Axe
15:44 Horse Collar
17:26 Fishing Lines
21:22 Wheelbarrow
22:43 Bow Saw
23:13 Town Watch
23:47 Hand Cart
25:05 Gold Mining
28:35 Imperial Age
26:21 Heavy Plow
26:12 Stone Mining
27:07 Ballistics
27:38 Fletching
27:48 Padded Archer Armor
28:17 Bodkin Arrow
28:42 Man-at-Arms
29:08 Gambesons
29:24 Squires
29:09 Arson
29:25 Scale Mail Armor
29:35 Forging
29:25 Long Swordsman
30:07 Bracer
30:28 Two-Handed Swordsman
31:24 Chain Mail Armor
31:44 Iron Casting
32:55 Chemistry
31:49 Champion
34:39 Plate Mail Armor
35:12 Blast Furnace
36:02 Yeomen
36:03 Conscription
36:56 Leather Archer Armor
37:18 Town Patrol
38:19 Two-Man Saw
38:09 Elite Longbowman
39:27 Warwolf
41:16 Caravan
42:38 Guilds
42:58 Coinage
49:55 Pikeman
57:56 Hoardings
57:58 Gold Shaft Mining
57:35 Masonry
57:30 Siege Engineers
57:05 Treadmill Crane
57:12 Spies/Treason
58:47 Leather Archer Armor
Sorrateiro
7:27 Loom
12:13 Feudal Age
16:00 Castle Age
15:41 Fishing Lines
16:25 Town Watch
16:45 Gillnets
20:52 Wheelbarrow
20:09 Gold Mining
21:55 Gold Shaft Mining
21:01 Horse Collar
21:31 Stone Mining
22:03 Heavy Plow
25:12 Hand Cart
28:03 Imperial Age
26:43 Caravan
27:46 Scale Barding Armor
27:52 Forging
29:23 Crop Rotation
29:20 Chain Barding Armor
30:06 Iron Casting
29:23 Elite Battle Elephant
30:56 Conscription
31:13 Plate Barding Armor
32:47 Blast Furnace
33:14 Coinage
32:55 Guilds
32:48 Husbandry
32:59 Bloodlines
32:15 Onager
33:46 Howdah
34:26 Banking
36:43 Fletching
36:36 Treadmill Crane
37:55 Bodkin Arrow
38:08 Siege Engineers
38:15 Masonry
40:30 Bracer
45:58 Town Patrol
57:59 Spies/Treason
god comic
4:38 Loom
11:27 Feudal Age
15:11 Castle Age
13:57 Double-Bit Axe
14:16 Horse Collar
16:34 Bow Saw
16:56 Heavy Plow
19:33 Wheelbarrow
23:52 Gold Mining
23:54 Stone Mining
29:07 Imperial Age
27:48 Gold Shaft Mining
28:25 Scale Barding Armor
28:33 Forging
28:54 Caravan
30:13 Chain Barding Armor
30:17 Husbandry
30:28 Bloodlines
29:39 Elite Steppe Lancer
29:43 Onager
30:18 Heavy Camel Rider
32:21 Plate Barding Armor
32:21 Iron Casting
33:42 Conscription
33:49 Silk Armor
33:12 Light Cavalry
36:01 Blast Furnace
37:28 Block Printing
37:25 Fervor
37:46 Illumination
38:32 Fletching
39:21 Guilds
39:42 Coinage
41:19 Hussar
45:58 Timurid Siegecraft
45:10 Elite Keshik
48:52 Banking
56:17 Bodkin Arrow
56:35 Spies/Treason
wuming
1:06 Loom
11:19 Feudal Age
15:29 Castle Age
14:26 Fishing Lines
15:01 Double-Bit Axe
16:24 Bow Saw
17:33 Gillnets
21:50 Wheelbarrow
22:13 Town Watch
22:16 Horse Collar
23:36 Hand Cart
29:19 Imperial Age
28:09 Chemistry
27:20 Fortified Wall
26:52 Treadmill Crane
29:01 Scale Mail Armor
29:12 Forging
30:04 Fervor
30:17 Masonry
30:28 Bombard Tower
30:16 Siege Engineers
29:56 Houfnice
30:00 Pikeman
30:41 Squires
30:26 Arson
31:23 Block Printing
31:29 Sanctity
31:59 Architecture
31:24 Halberdier
33:58 Iron Casting
33:38 Chain Mail Armor
33:45 Wagenburg Tactics
34:01 Conscription
36:15 Blast Furnace
37:23 Plate Mail Armor
47:33 Conscription
52:08 Padded Archer Armor
52:46 Caravan
57:19 Spies/Treason
Connection lost

Rejoining the realm…

Still unreachable

The connection could not be restored.

Session expired

The server has moved on; the page needs a fresh start.